 Dungeon Crawl Stone Soup version 0.32-a0-666-ge8a88695a4 (webtiles) character file.

Game seed: 14034155352840714905

17353 sokol815 the Covert (level 12, -4/92 HPs)
             Began as an Octopode Fighter on Mar 10, 2024.
             Was an Elder of Dithmenos.
             Engulfed by an ice statue's freezing vapour (16 damage)
             ... in an ice cave.
             The game lasted 00:27:14 (11360 turns).

sokol815 the Covert (Octopode Fighter)             Turns: 11360, Time: 00:27:14

Health: -4/92      AC:  5    Str: 21    XL:     12   Next: 47%
Magic:  12/12      EV: 32    Int: 12    God:    Dithmenos [****..]
Gold:   659        SH:  9    Dex: 21    Spells: 11/11 levels left

rFire   . . .        a - +3 short sword (elec)
rCold   . . .        h - +3 buckler
rNeg    . . .        (helmet restricted)
rPois   .            j - amulet of the acrobat
rElec   .            e - +6 ring of dexterity
rCorr   +            W - ring of willpower
SInv    .            X - ring of resist corrosion
Will    +....        Q - +4 ring of slaying Stlth *+++++++++
                     C - +6 ring of strength
HPRegen 0.35/turn    A - +4 ring of protection
MPRegen 0.13/turn    (no ring)
                     (no ring)

%: acrobat
@: acrobatic, wreathed by umbra
A: almost no armour, amphibious, 8 rings, camouflage 1, gelatinous body 1,
(nimble swimmer 1), tentacles
a: Renounce Religion, Shadow Step


You were in an ice cave.
You worshipped Dithmenos.
Dithmenos was greatly pleased with you.
You visited 3 branches of the dungeon, and saw 12 of its levels.
You also visited: Ice Cave.

You collected 659 gold pieces.

Inventory:

Hand Weapons
 a - a +3 short sword of electrocution (weapon)
   (You took it off a kobold on level 1 of the Dungeon)
 b - a +2 dagger of speed
   (You took it off an orc wizard on level 4 of the Dungeon)
 f - a +0 dagger of flaming
   (You took it off an orc wizard on level 8 of the Dungeon)
 r - a +0 lajatang
   (You found it on level 5 of the Dungeon)
 u - a +5 scimitar of venom
   (You took it off a wight on level 5 of the Dungeon)
 v - a +1 short sword of freezing
   (You found it on level 6 of the Dungeon)
 G - a +4 trident of draining
   (You took it off Jeremiah on level 7 of the Dungeon)
 S - a +2 hand axe of flaming
   (You found it on level 10 of the Dungeon)
Missiles
 g - 38 poisoned darts
 o - 12 javelins
 s - 127 stones
 w - 9 boomerangs
Armour
 h - a +3 buckler (worn)
 F - an orb of energy
   (You took it off Jeremiah on level 7 of the Dungeon)
Magical Staves
 R - a staff of alchemy
   (You found it on level 10 of the Dungeon)
Jewellery
 c - a ring of ice {rC+, rF-}
   (You found it on level 4 of the Dungeon)
 e - a +6 ring of dexterity (left tentacle)
   (You found it on level 3 of the Dungeon)
 j - an amulet of the acrobat (around mantle)
   (You found it on level 2 of the Dungeon)
 t - an amulet of faith
   (You found it on level 5 of the Dungeon)
 A - a +4 ring of protection (on tentacle)
   (You found it on level 9 of the Dungeon)
 C - a +6 ring of strength (on tentacle)
   (You found it on level 7 of the Dungeon)
 Q - a +4 ring of slaying (on tentacle)
   (You found it on level 8 of the Dungeon)
 W - a ring of willpower (right tentacle)
   (You found it on level 5 of the Dungeon)
 X - a ring of resist corrosion (on tentacle)
   (You found it on level 6 of the Dungeon)
Wands
 n - a wand of warping (14)
   (You found it on level 4 of the Dungeon)
 p - a wand of paralysis (11)
   (You took it off Ijyb on level 5 of the Dungeon)
 q - a wand of flame (52)
   (You found it on level 5 of the Dungeon)
 y - a wand of mindburst (14)
   (You found it on level 3 of the Dungeon)
Scrolls
 d - a scroll of fog
 D - a scroll of blinking {!r}
 E - a scroll of fear
 Y - 2 scrolls of teleportation {@r3}
Potions
 k - a potion of enlightenment {unknown}
 l - 4 potions of heal wounds {unknown}
 m - a potion of cancellation {unknown}
 z - 2 potions of lignification {unknown}
 B - 3 potions of brilliance
 H - a potion of haste
 I - 3 potions of invisibility
 J - 6 potions of curing {@q1}
 M - a potion of mutation {unknown}
 N - a potion of ambrosia {unknown}
 O - a potion of attraction {unknown}
 P - a potion of berserk rage {unknown}


   Skills:
 + Level 12.4 Fighting
 - Level 10.0 Short Blades
 - Level 2.5 Polearms
 + Level 6.8 Dodging
 + Level 14.5 Stealth
 - Level 5.0 Shields


You had 11 spell levels left.
You didn't know any spells.
Your spell library contained the following spells:

 Spells                   Type           Power      Damage    Failure   Level
 Apportation              Tloc           0%         N/A       36%         1
 Necrotise                Necr           0%         1d4       36%         1
 Sting                    Conj/Alch      0%         1d3       36%         1
 Summon Small Mammal      Summ           0%         N/A       36%         1
 Blink                    Tloc           0%         N/A       52%         2
 Ensorcelled Hibernation  Hex/Ice        0%         N/A       52%         2
 Jinxbite                 Hex            0%         N/A       52%         2
 Lesser Beckoning         Tloc           0%         N/A       52%         2
 Momentum Strike          Conj/Tloc      0%         3d8       52%         2
 Passwall                 Erth           0%         N/A       75%         3
 Swiftness                Air            0%         N/A       75%         3
 Volatile Blastmotes      Fire/Tloc      0%         2d10      75%         3
 Fulminant Prism          Conj/Alch      0%         3d5       98%         4
 Iskenderun's Mystic Bla  Conj/Tloc      0%         2d3       98%         4
 Vhi's Electric Charge    Tloc/Air       0%         N/A       98%         4
 Alistair's Intoxication  Alch           0%         N/A       100%        5
 Arcjolt                  Conj/Air       0%         1d10      100%        5
 Maxwell's Capacitive Co  Air            0%         ∞         100%        8


Dungeon Overview and Level Annotations

Branches:
Dungeon (10/15) Zot: 26151  Temple (1/1) D:6 Zot: 5983    Lair (1/5) D:10 Zot: 5836
    Orc (0/2) D:10          IceCv (1/1) Zot: 5866

Altars:
Ashenzari
Cheibriados
Dithmenos
Elyvilon
Fedhas
Gozag
Hepliaklqana
Kikubaaqudgha
Makhleb
Nemelex Xobeh
Okawaru
Qazlal
Ru
Sif Muna
Trog
Uskayaw
Vehumet
Wu Jian
Xom
Yredelemnul
Zin
The Shining One
Lugonu

Shops:
D:8 ([(

Annotations:
D:10 2 transporters IceCv exclusion: ice statue


Innate Abilities, Weirdness & Mutations

You cannot wear most types of armour.
You are amphibious.
You can wear up to eight rings at the same time.
Your skin changes colour to match your surroundings (Stealth+).
Your rubbery body absorbs attacks. (AC +1, EV +1)
((You are camouflaged when in or above water. (Stealth+)))
You have tentacles for arms and can constrict up to eight enemies at once.


Message History

Found an ice covered gate leading back out of this place.
There is an ice choked empty arch of ancient stone here.
There is an ice choked empty arch of ancient stone here. 2 polar bears and 2 yaks come into view.
The helpless yak fails to defend itself.
You skewer the yak like a kebab!!!!
You kill the yak!
Dithmenos accepts your kill.
The polar bear growls angrily. x2; You hear a bellow!
You hear a howl!
The polar bear closely misses you. The polar bear claws you.
You block the polar bear's attack.
The yak bellows!
You take 2 damage, and have 90/92 hp.
You barely miss the polar bear.
You squeeze the polar bear, but do no damage.
A wolf comes into view.
You block the polar bear's attack. x2; The polar bear closely misses you.
The polar bear barely misses you. x2; The polar bear misses you.
You puncture the polar bear! You squeeze the polar bear.
You hit the polar bear but do no damage.
You squeeze the polar bear!! You block the polar bear's attack.
The polar bear claws you. The polar bear barely misses you.
A yak comes into view.
The polar bear goes berserk!
You take 4 damage, and have 86/92 hp.
You hit the polar bear. You closely miss the polar bear.
The polar bear bites you! The polar bear completely misses you.
The polar bear closely misses you. x2
You block the polar bear's attack.
The polar bear claws you but does no damage.
You take 16 damage, and have 71/92 hp.
You hit the polar bear.
Lightning courses through the polar bear!
You kill the polar bear!
Dithmenos accepts your kill.
You hit the polar bear. You squeeze the polar bear. The polar bear misses you.
The polar bear completely misses you. The polar bear misses you.
You hit the polar bear but do no damage.
Lightning courses through the polar bear!
You completely miss the polar bear.
You squeeze the polar bear, but do no damage.
The yak gores you. The polar bear barely misses you.
The polar bear completely misses you. The polar bear closely misses you.
You take 4 damage, and have 67/92 hp.
You hit the polar bear.
Lightning courses through the polar bear!
You barely miss the polar bear. You squeeze the polar bear.
You kill the polar bear!
Dithmenos accepts your kill.
You closely miss the yak. You squeeze the yak. You block the wolf's attack.
You hit the yak. You squeeze the yak! The wolf misses you.
You block the yak's attack.
You puncture the yak! Lightning courses through the yak!
You kill the yak!
Dithmenos accepts your kill. The wolf barely misses you.
You hit the yak. The yak gores you! The wolf closely misses you.
You take 7 damage, and have 61/92 hp.
You completely miss the yak. You squeeze the yak!! You block the wolf's attack.
You block the yak's attack.
You barely miss the yak. The wolf barely misses you.
You barely miss the yak. Your squeeze misses the yak.
You block the wolf's attack. The yak barely misses you.
You hit the yak. You squeeze the yak! You block the wolf's attack.
You hit the yak.
You kill the yak!
Dithmenos accepts your kill.
You hit the wolf. You grab the wolf.
Your shadow hits the wolf but does no damage.
You constrict the wolf. You block the wolf's attack.
You hit the wolf. You squeeze the wolf. You constrict the wolf.
The wolf barely misses you.
You hit the wolf.
You kill the wolf!
Dithmenos accepts your kill.
No target in view!
You see here a polar bear corpse.
You see here a wolf corpse.
An ice statue comes into view.
Health restored: 92 You completely miss the ice statue.
Your shadow hits the ice statue but does no damage.
The ice statue gestures at you. The freezing blast engulfs you!!
You take 18 damage, and have 74/92 hp.
You hit the ice statue but do no damage.
You squeeze the ice statue.
You are engulfed in freezing vapours.
You take 6 damage, and have 68/92 hp.
You hit the ice statue but do no damage.
You are engulfed in freezing vapours.
The ice statue gestures at you. The freezing blast engulfs you!!
You take 37 damage, and have 31/92 hp.
MASSIVE DAMAGE!!
You are engulfed in freezing vapours.
* * * LOW HITPOINT WARNING * * *
You take 19 damage, and have 12/92 hp.
MASSIVE DAMAGE!!
You are engulfed in freezing vapours.
You die...

##...### ##
#......## # .
#..##.†.## ?#.
#...##.††### #.###
##..####...####..☼#
#...####...##☼I○#
#....# #..##.☼°#
#∩..####..###☼○#
##..∩##..####@○#
#####.....#..##
##.#....## ########


You could see an ice statue.

Vanquished Creatures
  A hydra (D:10)
  3 two-headed ogres
  A boulder beetle (D:8)
  A death knight (D:9)
  Pikel (D:8)
  A deep elf pyromancer (D:7)
  Joseph (D:8)
  A gargoyle (D:10)
  Maggie (D:9)
  A cane toad (Lair:1)
  2 kobold demonologists (D:10)
  Jeremiah (D:7)
  3 polar bears
  Prince Ribbit (D:8)
  A hornet (D:8)
  A shadow (D:10)
  2 wraiths (D:9)
  A wyvern (D:6)
  A basilisk (Lair:1)
  16 yaks
  A steam dragon (D:8)
  A vampire mosquito (D:8)
  An acid dragon (D:8)
  4 water moccasins
  4 black bears (D:10)
  7 orc warriors
  2 ice beasts
  A sky beast (D:8)
  3 ogres
  A wolf (IceCv)
  9 centaurs
  A phantom (D:5)
  4 lemures (D:8)
  4 kobold brigands
  12 bullfrogs
  4 scorpions
  15 wights
  A killer bee (D:8)
  6 howler monkeys
  3 electric eels
  A bombardier beetle (D:5)
  A jelly (D:8)
  3 hounds
  13 orc priests
  4 iguanas
  16 orc wizards
  Ijyb (D:5)
  10 adders
  3 gnolls (D:6)
  4 shadow imps
  2 white imps
  4 ufetubi
  A dart slug (D:2)
  4 ribbon worms
  50 orcs
  11 ball pythons
  4 bats
  8 endoplasms
  5 giant cockroaches
  2 goblins (D:1)
  4 hobgoblins
  3 jackals (D:4)
  29 kobolds
  5 frilled lizards
  2 rats
315 creatures vanquished.

Vanquished Creatures (collateral kills)
  A frilled lizard (D:3)
1 creature vanquished.

Grand Total: 316 creatures vanquished

Notes
Turn   | Place    | Note
-------+----------+-------------------------------------------
     0 | D:1      | sokol815 the Octopode Fighter began the quest for the Orb.
     0 | D:1      | Reached XP level 1. HP: 16/16 MP: 1/1
   151 | D:1      | Reached XP level 2. HP: 21/21 MP: 2/2
   539 | D:1      | Found a faded altar of an unknown god.
   808 | D:2      | Reached skill level 1 in Stealth
   808 | D:2      | Reached XP level 3. HP: 24/26 MP: 3/3
   910 | D:2      | Found a snail-covered altar of Cheibriados.
  1029 | D:2      | HP: 6/26 [orc priest/+0 dagger (4)]
  1033 | D:2      | Reached skill level 1 in Short Blades
  1033 | D:2      | Reached skill level 2 in Stealth
  1033 | D:2      | Reached XP level 4. HP: 8/32 MP: 4/4
  1037 | D:2      | HP: 7/32 [giant cockroach (1)]
  1361 | D:2      | Reached skill level 3 in Stealth
  1529 | D:2      | Reached skill level 2 in Short Blades
  1618 | D:3      | Reached XP level 5. HP: 25/37 MP: 5/5
  1916 | D:3      | Reached skill level 4 in Stealth
  2447 | D:3      | Reached skill level 4 in Fighting
  2649 | D:4      | Reached XP level 6. HP: 43/43 MP: 6/6
  2662 | D:4      | Reached skill level 3 in Short Blades
  3032 | D:4      | Reached skill level 5 in Stealth
  3828 | D:5      | Entered Level 5 of the Dungeon
  3948 | D:5      | Reached XP level 7. HP: 45/49 MP: 7/7
  4058 | D:5      | Noticed Ijyb
  4060 | D:5      | Paralysed by Ijyb for 5 turns
  4071 | D:5      | Killed Ijyb
  4172 | D:5      | Reached skill level 4 in Short Blades
  4228 | D:5      | Reached skill level 6 in Stealth
  4721 | D:5      | Reached skill level 4 in Dodging
  4906 | D:5      | Reached skill level 7 in Stealth
  4906 | D:5      | Reached XP level 8. HP: 52/54 MP: 8/8
  4942 | D:6      | Reached skill level 5 in Fighting
  5000 | D:6      | Reached skill level 5 in Short Blades
  5011 | D:6      | Reached skill level 8 in Stealth
  5508 | D:6      | Noticed a wyvern
  5520 | D:6      | Found a staircase to the Ecumenical Temple.
  5531 | Temple   | Entered the Ecumenical Temple
  5539 | Temple   | Became a worshipper of Dithmenos the Shadowed
  5571 | D:6      | Killed a wyvern
  5572 | D:6      | Reached skill level 5 in Dodging
  5572 | D:6      | Reached skill level 9 in Stealth
  5700 | D:6      | Reached XP level 9. HP: 56/62 MP: 9/9
  6042 | D:7      | Reached skill level 6 in Fighting
  6042 | D:7      | Reached skill level 6 in Short Blades
  6042 | D:7      | Reached skill level 10 in Stealth
  6258 | D:8      | Found Inenih's Weapon Shop.
  6275 | D:8      | Found Migha's Armour Shop.
  6400 | D:8      | Noticed a boulder beetle
  6436 | D:8      | Noticed Pikel
  6560 | D:7      | Noticed a deep elf pyromancer
  6573 | D:8      | Reached * piety under Dithmenos
  6663 | D:8      | Reached skill level 11 in Stealth
  7047 | D:7      | Reached skill level 7 in Fighting
  7047 | D:7      | Reached skill level 12 in Stealth
  7063 | D:7      | Reached skill level 7 in Short Blades
  7072 | D:7      | Identified the +1 leather armour of Space {rCorr Dex+4}
  7073 | D:7      | Killed a deep elf pyromancer
  7074 | D:7      | Reached XP level 10. HP: 72/72 MP: 10/10
  7251 | D:7      | Reached ** piety under Dithmenos
  7276 | D:7      | Reached skill level 8 in Fighting
  7449 | D:7      | Found an opulent altar of Gozag.
  7476 | D:7      | Noticed Jeremiah
  7480 | D:7      | Killed Jeremiah
  7481 | D:7      | Reached skill level 8 in Short Blades
  7481 | D:7      | Reached skill level 4 in Shields
  7760 | D:8      | Noticed a two-headed ogre
  7778 | D:8      | Killed a two-headed ogre
  7779 | D:8      | Reached skill level 5 in Shields
  8011 | D:8      | Noticed Joseph
  8020 | D:8      | Killed Joseph
  8151 | D:8      | Killed Pikel
  8152 | D:8      | Reached skill level 9 in Fighting
  8157 | D:8      | Reached skill level 9 in Short Blades
  8296 | D:8      | Killed a boulder beetle
  8297 | D:8      | Reached XP level 11. HP: 79/80 MP: 11/11
  8418 | D:8      | Noticed Prince Ribbit
  8424 | D:8      | Killed Prince Ribbit
  8458 | D:8      | Found Wyleabunn's Antique Weapon Emporium.
  8478 | D:8      | Found a stormy altar of Qazlal.
  8837 | D:8      | Reached skill level 10 in Fighting
  8943 | D:8      | Reached skill level 10 in Short Blades
  9143 | D:9      | Noticed a death knight
  9155 | D:9      | Killed a death knight
  9169 | D:9      | Identified the +1 robe of Limitation {rElec}
  9196 | D:9      | Reached *** piety under Dithmenos
  9432 | D:9      | Noticed Maggie
  9435 | D:9      | Killed Maggie
  9436 | D:9      | Reached skill level 11 in Fighting
  9883 | D:9      | Noticed a two-headed ogre
  9890 | D:9      | Killed a two-headed ogre
  9917 | D:9      | Reached skill level 13 in Stealth
 10030 | D:9      | Found a bloodstained altar of Trog.
 10161 | D:10     | Entered Level 10 of the Dungeon
 10164 | D:10     | Found a transporter.
 10175 | D:10     | Reached **** piety under Dithmenos
 10180 | D:10     | Noticed a white ugly thing
 10202 | D:10     | Noticed a four-headed hydra
 10210 | D:10     | Noticed a soul eater
 10227 | D:10     | Killed a four-headed hydra
 10228 | D:10     | Reached XP level 12. HP: 71/91 MP: 12/12
 10241 | D:10     | Found a staircase to the Lair.
 10262 | D:10     | Reached skill level 12 in Fighting
 10378 | D:10     | Reached skill level 6 in Dodging
 10552 | D:10     | Found a staircase to the Orcish Mines.
 10571 | D:10     | Reached skill level 14 in Stealth
 10656 | D:10     | Found a hazy altar of Hepliaklqana.
 10656 | D:10     | Found a snail-covered altar of Cheibriados.
 10657 | D:10     | Found a shimmering altar of Xom.
 10658 | D:10     | Found a sacrificial altar of Ru.
 10659 | D:10     | Found a glowing silver altar of Zin.
 10727 | D:10     | Found a transporter.
 10731 | D:10     | Found a corrupted altar of Lugonu.
 10741 | D:10     | Noticed a two-headed ogre
 10744 | D:10     | Killed a two-headed ogre
 11045 | Lair:1   | Entered Level 1 of the Lair of Beasts
 11201 | Lair:1   | Found a frozen archway.
 11214 | IceCv    | Entered an ice cave
 11359 | IceCv    | HP: 12/92 [ice statue] (19)]
 11360 | IceCv    | Engulfed by an ice statue's freezing vapour

Illustrated notes

Levels and vault maps discovered:
D:1:      evilmike_arrival_crescent, layout_basic,
          chequers_ecumenical_altar_simple
D:2:      cheibrodos_pilgrimage, layout_loops_cross, basic_altar
D:3:      layout_loops_corners, minmay_stone_trees_medium
D:4:      layout_basic
D:5:      layout_layer_cave, chequers_serial_rivers_micro_a,
          grunt_decor_mini_mirrors, hangedman_glass_teeth, abandoned_shop,
          minmay_misc_feat_rows, mrwooster_statue_mirror, uniq_ijyb
D:6:      layout_cave_pools, minmay_temple_entry_large_hall,
          chequers_serial_rivers_room_a, grunt_decor_clamped
D:7:      cheibrodos_fzero, layout_cave_pools, mainiacjoe_overflow_paths,
          serial_column_ruins, column_ruins_square_large,
          column_ruins_columns_straight, column_ruins_open_small,
          column_ruins_open_small, column_ruins_open_tiny, column_ruins_grid_1,
          grunt_ministairs_9, serial_library_regret_index_split_case,
          uniq_jeremiah
D:8:      layout_basic, nicolae_qazlal_beasts_of_the_sky, serial_shops, shop,
          kennysheep_mini, shop, hangedman_abyss_or_decor_jellyfish_corner,
          minmay_misc_feat_diagonals, kennysheep_generic_room_12, uniq_pikel,
          uniq_prince_ribbit1, uniq_joseph
D:9:      layout_loops_ring, mainiacjoe_overflow_catwalk, serial_bayou,
          serial_bayou_pond_c, serial_bayou_pond_b, serial_bayou_pond_b,
          serial_bayou_crossing, uniq_maggie
D:10:     gammafunk_corrupted_shrine, layout_basic, minitemple,
          due_lair_maze_entry_diamond, david_orc_3
Temple:   nicolae_temple_bog_church
Lair:1:   layout_cave_pods, portal_ice_cave_entry_pillars_1, disabler_island
IceCv:    ice_cave_caverns_03

Skill      XL: |  1  2  3  4  5  6  7  8  9 10 11 12 |
---------------+-------------------------------------+-----
Stealth        | 1 2 3 4 5 7 9 12 13 14 | 14.5
Short Blades   | 1 2 3 4 5 7 9 10 | 10.0
Fighting       | 4 5 7 9 11 12 | 12.4
Dodging        | 4 5 6 |  6.8
Shields        | 5 |  5.0
Polearms       | |  2.5

Action                     |  1- 3 |  4- 6 |  7- 9 | 10-12 || total
---------------------------+-------+-------+-------+-------++-------
  Melee: Trident           |    18 |       |       |       ||    18
         Constrict         |    17 |    31 |    42 |    72 ||   162
         Dagger            |    10 |       |       |     1 ||    11
         Short sword       |    25 |   107 |   195 |   350 ||   677
         Tentacles         |     6 |    22 |    45 |   115 ||   188
  Evoke: Wand              |       |       |       |     8 ||     8
    Use: Scroll            |     3 |     8 |     7 |     4 ||    22
         Potion            |       |     1 |     1 |       ||     2
   Stab: Sleeping          |     5 |    15 |     7 |    20 ||    47
         Distracted        |       |       |     1 |     2 ||     3
         Paralysed         |       |       |       |     1 ||     1
 Armour: Skin              |    19 |    27 |    63 |    84 ||   193
  Dodge: Dodged            |    20 |    43 |    89 |   168 ||   320
  Block: Buckler           |     9 |    17 |    59 |    99 ||   184

Table legend: (Time is in decaauts)
 A = Elapsed time spent in this place.
 B = Non-inter-level travel time spent in this place.
 C = Inter-level travel time spent in this place.
 D = Time resting spent in this place.
 E = Time spent auto-exploring this place.
 F = Levels seen in this place.
 G = Mean time per level.
                   A        B        C        D        E       F      G
               +--------+--------+--------+--------+--------+-----+--------+
         Total |  11160 |  10754 |    406 |   1384 |   7442 |  13 |  858.5 |
       Dungeon |  10846 |  10455 |    391 |   1384 |   7302 |  10 | 1084.6 |
        Temple |     16 |      1 |     15 |      0 |      0 |   1 |   16.0 |
          Lair |    163 |    163 |      0 |      0 |     33 |   1 |  163.0 |
      Ice Cave |    133 |    133 |      0 |      0 |    107 |   1 |  133.0 |
               +--------+--------+--------+--------+--------+-----+--------+

Top non-repeatable levels by time:
     D:8: 2204 daAuts
     D:4: 1276 daAuts
     D:6: 1113 daAuts
     D:5: 1089 daAuts
     D:9: 1023 daAuts
     D:3: 968 daAuts
    D:10: 848 daAuts
     D:1: 797 daAuts
     D:2: 776 daAuts
     D:7: 748 daAuts
  Lair:1: 163 daAuts
   IceCv: 133 daAuts
  Temple: 16 daAuts

Levels and vault maps discovered:
D:1:      evilmike_arrival_crescent, layout_basic,
          chequers_ecumenical_altar_simple
D:2:      cheibrodos_pilgrimage, layout_loops_cross, basic_altar
D:3:      layout_loops_corners, minmay_stone_trees_medium
D:4:      layout_basic
D:5:      layout_layer_cave, chequers_serial_rivers_micro_a,
          grunt_decor_mini_mirrors, hangedman_glass_teeth, abandoned_shop,
          minmay_misc_feat_rows, mrwooster_statue_mirror, uniq_ijyb
D:6:      layout_cave_pools, minmay_temple_entry_large_hall,
          chequers_serial_rivers_room_a, grunt_decor_clamped
D:7:      cheibrodos_fzero, layout_cave_pools, mainiacjoe_overflow_paths,
          serial_column_ruins, column_ruins_square_large,
          column_ruins_columns_straight, column_ruins_open_small,
          column_ruins_open_small, column_ruins_open_tiny, column_ruins_grid_1,
          grunt_ministairs_9, serial_library_regret_index_split_case,
          uniq_jeremiah
D:8:      layout_basic, nicolae_qazlal_beasts_of_the_sky, serial_shops, shop,
          kennysheep_mini, shop, hangedman_abyss_or_decor_jellyfish_corner,
          minmay_misc_feat_diagonals, kennysheep_generic_room_12, uniq_pikel,
          uniq_prince_ribbit1, uniq_joseph
D:9:      layout_loops_ring, mainiacjoe_overflow_catwalk, serial_bayou,
          serial_bayou_pond_c, serial_bayou_pond_b, serial_bayou_pond_b,
          serial_bayou_crossing, uniq_maggie
D:10:     gammafunk_corrupted_shrine, layout_basic, minitemple,
          due_lair_maze_entry_diamond, david_orc_3
Temple:   nicolae_temple_bog_church
Lair:1:   layout_cave_pods, portal_ice_cave_entry_pillars_1, disabler_island
IceCv:    ice_cave_caverns_03

Table legend: (Time is in decaauts)
 A = Elapsed time spent in this place.
 B = Non-inter-level travel time spent in this place.
 C = Inter-level travel time spent in this place.
 D = Time resting spent in this place.
 E = Time spent auto-exploring this place.
 F = Levels seen in this place.
 G = Mean time per level.
                   A        B        C        D        E       F      G
               +--------+--------+--------+--------+--------+-----+--------+
         Total |  11160 |  10754 |    406 |   1384 |   7442 |  13 |  858.5 |
       Dungeon |  10846 |  10455 |    391 |   1384 |   7302 |  10 | 1084.6 |
        Temple |     16 |      1 |     15 |      0 |      0 |   1 |   16.0 |
          Lair |    163 |    163 |      0 |      0 |     33 |   1 |  163.0 |
      Ice Cave |    133 |    133 |      0 |      0 |    107 |   1 |  133.0 |
               +--------+--------+--------+--------+--------+-----+--------+

Top non-repeatable levels by time:
     D:8: 2204 daAuts
     D:4: 1276 daAuts
     D:6: 1113 daAuts
     D:5: 1089 daAuts
     D:9: 1023 daAuts
     D:3: 968 daAuts
    D:10: 848 daAuts
     D:1: 797 daAuts
     D:2: 776 daAuts
     D:7: 748 daAuts
  Lair:1: 163 daAuts
   IceCv: 133 daAuts
  Temple: 16 daAuts

Table legend:
 A = Kills in this place as a percentage of kills in the entire game.
 B = Kills by you in this place as a percentage of kills by you in the entire game.
 C = Kills by friends in this place as a percentage of kills by friends in the entire game.
 D = Other kills in this place as a percentage of other kills in the entire game.
 E = Experience gained in this place as a percentage of experience gained in the entire game.
 F = Experience gained in this place divided by the number of levels of this place that you have seen.
                   A       B       C       D       E      F
               +-------+-------+-------+-------+-------+----------------------
         Total | 100.0 | 100.0 | 100.0 |   N/A | 100.0 | 1906.9
       Dungeon |  95.8 |  95.8 | 100.0 |   N/A |  89.9 | 2228.4
          Lair |   2.2 |   2.3 |   0.0 |   N/A |   4.8 | 1180.0
      Ice Cave |   1.9 |   1.9 |   0.0 |   N/A |   5.3 | 1326.0
               +-------+-------+-------+-------+-------+----------------------
